cohdb
Replays
Latest Replays
All Replays
Popular Replays
Top Player Replays
Match Explorer
How It Works
Community
CoH3 Stats
Reddit
Sign in to upload your games and track your stats! →
Sign in with Steam
Match 41475975
Unlisted
Match 41475975
Overview
Messages
Build Orders
End
Construct Section Command Post
Infantry Section
ML 3-inch Mortar Team
Infantry Section
Grenade Package
Infantry Section
Construct Platoon Command Post
Selects Canadian Shock Battlegroup
Selects Burnout
CMP 15cwt Truck
6-pounder Anti-tank Gun Team
Vickers Machine Gun Team
Selects Offensive Resupply
Selects Canadian Shock Section
Construct Company Command Post
Royal Engineer Section
Matilda II Heavy Tank
Selects Point Assault
Selects Pyrotechnics
Matilda II Heavy Tank
Royal Engineer Section
Burnout
Foot Guards Section
Selects Churchill Crocodile Heavy Tank
Churchill Crocodile Heavy Tank
Unlock Bishop Self-propelled Artillery
Bishop Self-propelled Artillery
Bishop Self-propelled Artillery
Burnout
Light Vehicle Training
Armored Vehicle Training
Team Weapon Training
Burnout
Particycles
stryker_wing
Elphiroce
Shagot
simranjitsingh713
渡筱雨
0
0
Comments
sign in to comment!
No comments posted yet!